 Dungeon Crawl Stone Soup version 0.29.1-12-g30fa7ad0bf (webtiles) character file.

Game seed: 10328698620273976944

94 gelatine the Chopper (level 4, -1/33 (34) HPs)
             Began as a Demonspawn Gladiator on Jan 10, 2023.
             Slain by Grinder (3 damage)
             ... on level 3 of the Dungeon.
             The game lasted 00:03:42 (2527 turns).

gelatine the Chopper (Demonspawn Gladiator)         Turns: 2527, Time: 00:03:42

HP:   -1/33 (34)    AC:  4    Str: 16    XL:     4   Next: 38%
MP:   4/4           EV: 12    Int: 10    God:
Gold: 86            SH:  0    Dex: 14    Spells: 3/3 levels left

rFire   . . .      SeeInvis .   a - +0 war axe
rCold   . . .      Faith    .   (no shield)
rNeg    . . .      Spirit   .   b - +0 leather armour
rPois   .          Reflect  .   (helmet restricted)
rElec   .          Harm     .   l - +0 cloak
rCorr   .          Rampage  .   (no gloves)
Will    .....                   (no boots)
Stlth   +.........              (no amulet)
HPRegen 0.11/turn               (no ring)
MPRegen 0.09/turn               (no ring)

@: lightly drained
A: antennae 1
a: no special abilities


You were on level 3 of the Dungeon.
You visited 1 branch of the dungeon, and saw 3 of its levels.

You collected 86 gold pieces.

Inventory:

Hand Weapons
 a - a +0 war axe (weapon)
Missiles
 d - 3 throwing nets (quivered)
 e - a javelin
 h - 2 boomerangs
Armour
 b - a +0 leather armour (worn)
 c - a +0 helmet
 l - a +0 cloak (worn)
Scrolls
 i - a scroll of enchant armour {unknown}
 k - 2 scrolls of identify {unknown}
 n - a scroll of butterflies {unknown}
Potions
 f - 3 potions of curing
 g - 2 potions of attraction {unknown}
 j - a potion of flight {unknown}
 m - a potion of mutation {unknown}


   Skills:
 * Level 2.8 Fighting
 * Level 3.8 Axes
 + Level 1.8 Throwing
 * Level 1.0 Armour
 * Level 3.0 Dodging


You had 3 spell levels left.
You didn't know any spells.
Your spell library contained the following spells:

 Spells                   Type           Power      Damage    Failure   Level
 Summon Small Mammal      Summ           0%         N/A       43%         1
 Call Canine Familiar     Summ           0%         N/A       80%         3
 Summon Guardian Golem    Hex/Summ       0%         N/A       80%         3


Dungeon Overview and Level Annotations

Branches:
Dungeon (3/15)

Altars:

Annotations:
D:3 Grinder


Innate Abilities, Weirdness & Mutations

You have a pair of small antennae on your head.


Message History

The endoplasm quivers.
The endoplasm hits you but does no damage.
Grinder hits you!
You barely miss Grinder. You slash the endoplasm!
You kill the endoplasm!
Grinder blinks!
Grinder says, "Mostly I couldn't keep them alive."
Grinder blinks!
Grinder gestures at you.
You suddenly lose the ability to move!
Grinder hits you.
You writhe in agony.
Grinder hits you.
You writhe in agony.
You can move again.
You closely miss Grinder. Grinder closely misses you.
You barely miss Grinder. Grinder hits you but does no damage.
Grinder closely misses you.
You closely miss Grinder. Grinder gestures at you.
You shrug off the repeated paralysis!
You closely miss Grinder.
Grinder grins, showing sharp teeth.
Grinder hits you.
* * * LOW HITPOINT WARNING * * *
You hit Grinder.
Grinder is lightly wounded.
Grinder hits you.
* * * LOW HITPOINT WARNING * * *
Grinder barely misses you.
You closely miss Grinder.
Grinder is lightly wounded.
Grinder hits you but does no damage.
It was a potion of curing.
You feel better. Grinder gestures at you. Pain shoots through your body!
You hit Grinder.
Grinder is moderately wounded.
Grinder hits you!
* * * LOW HITPOINT WARNING * * *
You writhe in agony.
You die...

#.# #.# #.# #.#
#.# #.#
#######'##
.......@.#
.......5.#
.........#
.........#
#######'## #)#
#.# #### #.#
#........##.#####


You could see Grinder.

Vanquished Creatures
  2 adders (D:2)
  2 worms (D:2)
  A dart slug (D:3)
  4 orcs (D:3)
  5 ball pythons
  A bat (D:1)
  6 endoplasms
  A giant cockroach (D:1)
  5 goblins
  10 hobgoblins
  3 jackals (D:1)
  2 quokkas
  2 frilled lizards (D:1)
  8 kobolds
  6 rats
58 creatures vanquished.

Vanquished Creatures (others)
  2 demonic plants (D:1)
  A withered plant (D:1)
3 creatures vanquished.

Grand Total: 61 creatures vanquished

Notes
Turn   | Place    | Note
-------+----------+-------------------------------------------
     0 | D:1      | gelatine the Demonspawn Gladiator began the quest for the
                  | Orb.
     0 | D:1      | Reached XP level 1. HP: 16/16 MP: 1/1
   267 | D:1      | Gained mutation: You have a pair of small antennae on your
                  | head. [demonic ancestry]
   267 | D:1      | Reached XP level 2. HP: 16/22 MP: 2/2
   536 | D:1      | Found a faded altar of an unknown god.
   910 | D:1      | Reached XP level 3. HP: 24/28 MP: 3/3
  1826 | D:2      | Reached XP level 4. HP: 18/34 MP: 4/4
  2330 | D:3      | Reached skill level 1 in Armour
  2506 | D:3      | Noticed Grinder
  2516 | D:3      | Paralysed by Grinder for 4 turns
  2527 | D:3      | Slain by Grinder

Illustrated notes

Levels and vault maps discovered:
D:1:      dpeg_arrival_pond, layout_rooms, serial_forest,
          infiniplex_forest_end_2, infiniplex_forest_lined_room_,
          infiniplex_forest_fountain, infiniplex_forest_clump_small,
          infiniplex_forest_lined_2, infiniplex_forest_lined_2,
          infiniplex_forest_lined_2, infiniplex_forest_fountain,
          infiniplex_forest_corner_2, shapermc_ecumenical_altar_gd,
          minmay_misc_feat_encased, serial_park_tiny_2
D:2:      layout_loops_ring
D:3:      layout_basic, uniq_grinder

Skill      XL: |  1  2  3  4 |
---------------+-------------+-----
Axes           | 3 |  3.8
Dodging        | 3 |  3.0
Armour         | 1 |  1.0
Fighting       | |  2.8
Throwing       | |  1.8

Action                   |  1- 3 |  4- 6 || total
-------------------------+-------+-------++-------
Melee: War axe           |   126 |    41 ||   167
       Punch             |     1 |       ||     1
  Use: Potion            |       |     1 ||     1
 Stab: Sleeping          |     1 |       ||     1
Armor: Leather armour    |    31 |     8 ||    39
Dodge: Dodged            |   102 |    26 ||   128
